 Dungeon Crawl Stone Soup version 0.17-a0-1184-gb75be8f (webtiles) character file.

12684 Zwobot the Carver (level 11, -6/138 HPs)
             Began as a Centaur Gladiator on June 1, 2015.
             Was an Elder of Kikubaaqudgha.
             Mangled by a manticore (12 damage)
             ... on level 11 of the Dungeon.
             The game lasted 01:03:04 (18048 turns).

Zwobot the Carver (Centaur Gladiator)              Turns: 18048, Time: 01:03:05

Health: -6/138     AC: 26    Str: 18    XL:     11   Next: 65%
Magic:  14/14      EV:  1    Int: 10    God:    Kikubaaqudgha [****..]
Gold:   431        SH:  0    Dex: 10    Spells: 2 memorised, 5 levels left

rFire  . . .     SeeInvis .     a - +3 falchion (elec)
rCold  . . .     Clarity  +     (armour currently unavailable)
rNeg   + + +     SustAt   .     (no shield)
rPois  +         Gourm    .     (helmet currently unavailable)
rElec  .         Spirit   .     (cloak currently unavailable)
rCorr  .         Warding  .     (gloves currently unavailable)
rMut   .         NoTele   +     (no barding)
MR     .....                    L - amulet of clarity
Stlth  +.........               B - +1 ring of protection
                                k - ring of invisibility

@: tree-form, not resistant to hostile enchantments, very unstealthy
A: (hooves 0), (deformed body), (speed 0), (tough skin 0), MP-powered wands
a: Receive Corpses, Renounce Religion, Evoke Invisibility


You were on level 11 of the Dungeon.
You worshipped Kikubaaqudgha.
Kikubaaqudgha was greatly pleased with you.
You were not hungry.
You were a tree.
You visited 2 branches of the dungeon, and saw 13 of its levels.

You collected 561 gold pieces.
You spent 130 gold pieces at shops.

Inventory:

Hand weapons
 a - a +3 falchion of electrocution (weapon)
 b - a +0 blowgun
 w - a +2 rapier of electrocution
 N - a +0 great sword
 P - a +1 long sword
 U - a +0 scimitar
Missiles
 d - 2 throwing nets (quivered)
 u - 80 poisoned needles
 v - 6 javelins
Armour
 c - a +0 helmet (melded)
 x - a mottled dragon hide
 C - a +0 cloak (melded)
 M - a +0 shield
 X - a +1 robe of cold resistance
 Z - a +1 leather armour of magic resistance (melded)
Magical staves
 Y - an uncursed staff of death
Jewellery
 i - an uncursed ring of ice
 k - a ring of invisibility (left branch)
 n - an uncursed amulet of stasis {unknown}
 r - an uncursed ring of positive energy
 B - a +1 ring of protection (right branch)
 D - an uncursed ring of teleportation
 L - an amulet of clarity (around neck)
Magical devices
 V - a wand of paralysis (4)
Scrolls
 h - a scroll of noise
 m - 2 scrolls of fog
 p - a scroll of immolation {unknown}
 q - 3 scrolls of teleportation
 t - 5 scrolls of remove curse
 y - a scroll of vulnerability {unknown}
 J - 2 scrolls of enchant armour {unknown}
 O - 2 scrolls of recharging {unknown}
 R - a scroll of fear {unknown}
Potions
 g - a potion of flight {unknown}
 l - a potion of haste {unknown}
 o - a potion of magic
 s - 3 potions of cure mutation
 z - a potion of lignification
 A - 2 potions of curing
 H - a potion of mutation
 Q - a potion of might
Books
 j - a book of the Earth

   Spells                             Type                      Level
   a - Leda's Liquefaction            Hexes/Earth                  4
   b - Bolt of Magma                  Conjuration/Fire/Earth       5
   c - Statue Form                    Transmutation/Earth          6
   d - Iron Shot                      Conjuration/Earth            6
   e - Shatter                        Earth                        9
 G - Kikubaaqudgha's Guide on Necromancy
   (Kikubaaqudgha gifted it to you on level 6 of the Dungeon)

   Spells                             Type                      Level
   a - Animate Skeleton               Necromancy                   1
   b - Corpse Rot                     Necromancy                   2
   c - Sublimation of Blood           Necromancy                   2
   d - Vampiric Draining              Necromancy                   3
   e - Control Undead                 Necromancy                   4
 K - a Fen Folio

   Spells                             Type                      Level
   a - Corpse Rot                     Necromancy                   2
   b - Stone Arrow                    Conjuration/Earth            3
   c - Leda's Liquefaction            Hexes/Earth                  4
   d - Summon Forest                  Summoning/Translocation      5
   e - Hydra Form                     Transmutation                6
   f - Summon Hydra                   Summoning                    7
 T - Kikubaaqudgha's Volume of Necromancy
   (Kikubaaqudgha gifted it to you on level 9 of the Dungeon)

   Spells                             Type                      Level
   a - Animate Dead                   Necromancy                   4
   b - Excruciating Wounds            Charms/Necromancy            5
   c - Agony                          Necromancy                   5
   d - Dispel Undead                  Necromancy                   5
   e - Simulacrum                     Ice/Necromancy               6
 W - a book of Necromancy

   Spells                             Type                      Level
   a - Pain                           Necromancy                   1
   b - Animate Skeleton               Necromancy                   1
   c - Vampiric Draining              Necromancy                   3
   d - Regeneration                   Charms/Necromancy            3
   e - Animate Dead                   Necromancy                   4
   f - Control Undead                 Necromancy                   4
Miscellaneous
 S - a box of beasts
Comestibles
 e - 9 bread rations
 f - 6 meat rations
 E - a chunk of flesh


   Skills:
 - Level 7.0 Fighting
 - Level 12.0 Long Blades
 - Level 2.6 Throwing
 + Level 5.8 Dodging
 * Level 6.9 Necromancy
 - Level 5.2 Evocations


You had 5 spell levels left.
You knew the following spells:

 Your Spells              Type           Power        Failure   Level  Hunger
a - Animate Skeleton      Necr           N/A          2%          1    ##.....
b - Animate Dead          Necr           N/A          28%         4    #####..


Dungeon Overview and Level Annotations

Branches:
Dungeon (12/15)            Temple (1/1) D:5            Lair (0/8) D:10
    Orc (0/4) D:9

Altars:
Elyvilon
Kikubaaqudgha
Makhleb
Ru
Sif Muna
Yredelemnul

Shops:
D:8 *   D:10 (

Annotations:
D:3 ololoev's ghost, average FoSk


Innate Abilities, Weirdness & Mutations

((You have hooves in place of feet.))
((Armour fits poorly on your strangely shaped body.))
((You cover ground very quickly.))
((You have extremely tough skin (AC +3).))
You expend magic power (3 MP) to strengthen your wands.


Message History

Drink which item? (? for menu, Esc to quit)
You feel better. The manticore bites you!
* * * LOW HITPOINT WARNING * * *
The manticore claws you but does no damage.
The manticore claws you.
* * * LOW HITPOINT WARNING * * *
Unknown command.
Drink which item? (? for menu, Esc to quit)
You feel better.
The manticore bites you but does no damage.
The manticore claws you!
* * * LOW HITPOINT WARNING * * *
The manticore claws you.
* * * LOW HITPOINT WARNING * * *
Unknown command.
You completely miss the manticore.
The manticore is almost dead.
The manticore bites you!
You die...
Kikubaaqudgha rasps: "You have failed me!
Welcome... death!"

.............................>.#
...............................#
.####.......##........(..#####.#
.####.......##...........#####.#
............##.................#
..ZZ........)......#...........#
###Z###########....#...........#
.......)......#.H..............#
..............#.♣..............#
..............#................#
..............#.####.....##....#
##########....#)####.....##....#
#######[>........##....#
#........(.............#
#......................#
#..#...................#
#..#...######..........#


You could see a manticore.

Vanquished Creatures
  Fannar (D:10)
  Urug (D:10)
  A wolf spider zombie (D:8)
  A hill giant (D:9)
  A centaur zombie (D:11)
  A gargoyle (D:11)
  A centaur skeleton (D:10)
  2 kobold demonologists (D:11)
  A troll (D:11)
  Prince Ribbit (D:8)
  Sigmund (D:2)
  A wyvern (D:11)
  11 yaks
  A hippogriff (D:10)
  A steam dragon (D:11)
  A human (D:7)
  A basilisk (D:12)
  A warg (D:9)
  A hungry ghost (D:4)
  A mottled dragon (D:12)
  An orc warrior (D:11)
  4 sky beasts
  A water moccasin (D:9)
  3 necrophages
  4 black bears
  2 phantoms
  5 ogres
  3 ice beasts
  A crocodile (D:9)
  2 centaurs
  3 big kobolds
  6 giant frogs
  2 wyvern skeletons (D:6)
  9 killer bees
  4 scorpions
  6 wights
  8 hounds
  6 crimson imps
  8 orc priests
  2 gnoll shamans (D:8)
  8 orc wizards
  A giant frog zombie (D:8)
  3 jellies
  A giant frog skeleton (D:7)
  8 iguanas
  7 worker ants
  3 sheep
  3 hound skeletons
  19 adders
  3 worker ant zombies
  7 gnolls (D:8)
  A white imp (D:5)
  An adder skeleton (D:8)
  An adder zombie (D:7)
  3 worms
  4 giant geckos
  18 orcs
  A bat skeleton (D:6)
  2 bat zombies
  6 giant cockroaches
  9 goblins
  11 hobgoblins
  7 jackals
  24 kobolds
  4 ball pythons
  8 bats
  A giant gecko skeleton (D:4)
  A giant gecko zombie (D:5)
  4 giant newts
  5 quokkas
  16 rats
  A spectral orc (D:2)
302 creatures vanquished.

Vanquished Creatures (collateral kills)
  A troll (D:11)
  An ogre (D:9)
  An adder (D:12)
  An orc (D:7)
  A bat (D:6)
  A kobold (D:7)
6 creatures vanquished.

Vanquished Creatures (others)
  A centaur (D:12)
  A hound (D:12)
  An adder (D:7)
3 creatures vanquished.

Grand Total: 311 creatures vanquished

Notes
Turn   | Place    | Note
--------------------------------------------------------------
     0 | D:1      | Zwobot the Centaur Gladiator began the quest for the Orb.
     0 | D:1      | Reached XP level 1. HP: 17/17 MP: 1/1
   190 | D:1      | Reached skill level 3 in Long Blades
   675 | D:2      | Reached XP level 2. HP: 24/24 MP: 2/2
  1195 | D:2      | Noticed Sigmund
  1228 | D:2      | Killed Sigmund
  1228 | D:2      | Reached skill level 5 in Long Blades
  1228 | D:2      | Reached XP level 3. HP: 22/29 MP: 3/3
  1228 | D:2      | Reached XP level 4. HP: 27/36 MP: 4/4
  1228 | D:2      | Reached XP level 5. HP: 30/41 MP: 5/5
  1628 | D:2      | Found a basalt altar of Yredelemnul.
  1895 | D:3      | Reached skill level 6 in Long Blades
  1998 | D:3      | Noticed ololoev's ghost (average FoSk)
  2301 | D:4      | Noticed a phantom
  2312 | D:4      | Reached XP level 6. HP: 43/48 MP: 6/6
  3243 | D:4      | Killed a phantom
  3402 | D:4      | Noticed a hungry ghost
  3418 | D:4      | Killed a hungry ghost
  3418 | D:4      | Reached skill level 7 in Long Blades
  3418 | D:4      | Reached XP level 7. HP: 50/55 MP: 7/7
  3875 | D:4      | Reached skill level 8 in Long Blades
  5058 | D:5      | Entered Level 5 of the Dungeon
  5374 | D:5      | Found a staircase to the Ecumenical Temple.
  5751 | Temple   | Entered the Ecumenical Temple
  5760 | Temple   | Became a worshipper of Kikubaaqudgha
  6025 | D:5      | Reached XP level 8. HP: 58/63 MP: 8/8
  6153 | D:5      | Got a crude robe
  6164 | D:5      | Identified the +0 robe of Sunlight {rC- Dex+4 SInv} (You found it on level 5 of the Dungeon)
  6955 | D:6      | Reached skill level 5 in Fighting
  7108 | D:6      | Reached skill level 9 in Long Blades
  7163 | D:6      | Acquired Kikubaaqudgha's first power
  7163 | D:6      | Received a gift from Kikubaaqudgha
  7166 | D:6      | Identified Kikubaaqudgha's Guide on Necromancy (Kikubaaqudgha gifted it to you on level 6 of the Dungeon)
  7169 | D:6      | Learned a level 1 spell: Animate Skeleton
  7290 | D:6      | HP: 3/70 [giant frog (2)]
  7821 | D:6      | Reached XP level 9. HP: 49/78 MP: 9/9
  8086 | D:6      | Reached skill level 1 in Evocations
  9197 | D:6      | Reached skill level 10 in Long Blades
  9469 | D:6      | Acquired Kikubaaqudgha's second power
  9807 | D:7      | Reached skill level 5 in Evocations
 10354 | D:7      | Found a sacrificial altar of Ru.
 10718 | D:7      | Reached XP level 10. HP: 50/82 MP: 11/13
 11576 | D:8      | Noticed Prince Ribbit
 12221 | D:8      | Found Hniwyn's Humungous Hoard.
 12230 | D:8      | Bought a potion of heal wounds for 65 gold pieces
 12230 | D:8      | Bought a potion of heal wounds for 65 gold pieces
 12715 | D:8      | Killed Prince Ribbit
 12715 | D:8      | Reached skill level 11 in Long Blades
 12866 | D:9      | Received a gift from Kikubaaqudgha
 13100 | D:9      | Noticed a hill giant
 13333 | D:9      | HP: 4/86 [ice beast (3)]
 13333 | D:9      | HP: 1/86 [ice beast (3)]
 13771 | D:9      | Found a staircase to the Orcish Mines.
 13807 | D:9      | Identified Kikubaaqudgha's Volume of Necromancy (Kikubaaqudgha gifted it to you on level 9 of the Dungeon)
 13813 | D:9      | Learned a level 4 spell: Animate Dead
 13920 | D:9      | Killed a hill giant
 13920 | D:9      | Reached skill level 1 in Necromancy
 13989 | D:9      | Found a burning altar of Makhleb.
 13994 | D:9      | Noticed a green death
 14157 | D:10     | Entered Level 10 of the Dungeon
 14285 | D:10     | Found Rar Ug Zocs's Antique Weapon Emporium.
 14313 | D:10     | Noticed Urug
 14337 | D:10     | Killed Urug
 14822 | D:10     | Noticed Fannar
 14842 | D:10     | Killed Fannar
 14842 | D:10     | Reached XP level 11. HP: 71/92 MP: 12/14
 14866 | D:10     | Found a staircase to the Lair.
 15744 | D:11     | Reached skill level 5 in Dodging
 15871 | D:11     | Reached skill level 5 in Necromancy
 16278 | D:11     | Got a warped shortbow
 16279 | D:11     | Identified the cursed +2 shortbow "Vad Wari" {velocity, Int+3 SInv} (You found it on level 11 of the Dungeon)
 17031 | D:11     | Acquired Kikubaaqudgha's third power
 17282 | D:11     | Reached skill level 12 in Long Blades
 17680 | D:12     | Gained mutation: You expend magic power (3 MP) to strengthen your wands. [mutagenic glow]
 18046 | D:11     | HP: 5/138 [manticore (2)]
 18048 | D:11     | Mangled by a manticore

Vault maps used:
D:1:      saegor_arrival_miasma
D:2:      yredelemnul_forgotten_temple_becter, grunt_ministairs_15, uniq_sigmund
D:3:      kennysheep_big_flooded_room
D:4:      forest_paths, first_bread
D:5:      minmay_temple_entry_mist, minmay_fire_ice_demons
D:7:      grunt_livestock, nicolae_ru_sacrificial_ziggurat
D:8:      nicolae_alphabet_shops, uniq_prince_ribbit1
D:9:      david_orc_3, makhleb_altar_promises_db
D:10:     lair_0_dummy, serial_shops, shop, uniq_fannar, uniq_urug
D:12:     serial_bayou_ford_a, minivault_24
Temple:   grunt_circular_temple_18

Action                   |  1- 3 |  4- 6 |  7- 9 | 10-12 || total
-------------------------+-------+-------+-------+-------++-------
Melee: Long sword        |    48 |   178 |   145 |       ||   371
       Rapier            |       |       |   404 |     8 ||   412
       Falchion          |       |       |       |   460 ||   460
       Scimitar          |       |       |       |    16 ||    16
 Fire: Blowgun           |       |     4 |    28 |    24 ||    56
Throw: Throwing net      |     3 |       |       |     2 ||     5
 Cast: Animate Skeleton  |       |       |    21 |    22 ||    43
Invok: Receive Corpses   |       |       |     1 |       ||     1
 Abil: Evoke Invisibilit |       |     1 |    11 |    19 ||    31
       Turn Visible      |       |       |     7 |    13 ||    20
  Use: Scroll            |     3 |       |     8 |     8 ||    19
       Potion            |     1 |     2 |     5 |     6 ||    14
 Stab: Held in net/web   |     1 |       |       |     3 ||     4
       Invisible         |       |     1 |    16 |    36 ||    53
  Eat: Chunk             |       |     4 |    19 |    12 ||    35
       Pizza             |       |     1 |       |     8 ||     9
       Beef jerky        |       |     1 |     2 |     3 ||     6
       Bread ration      |       |       |     1 |       ||     1
       Royal jelly       |       |       |     1 |       ||     1
       Fruit             |       |       |       |     3 ||     3
